IL
GWINNETT BRAVES @ INDIANAPOLIS INDIANS
05/13/2099
 
TOP OF THE 1ST
Gwinnett Braves batting - Pitching for Indianapolis Indians : LHP Chris Jordan
Pitching: LHP Chris Jordan
Batting: RHB Adam Brading 0-0: Ball
1-0: Called Strike
1-1: Ball
2-1: Foul Ball, location: 9LDF
2-2: Ball
3-2: SINGLE (Groundball, 56S, EV 83.1 MPH)
Batting: LHB David Ploski 0-0: Ball
1-0: Fly out, F7 (Flyball, 78M, EV 69.4 MPH)
Batting: LHB Casey Faler 0-0: Foul Ball, location: 7LSF
0-1: Called Strike
0-2: Foul Ball, location: 2F
0-2: Strikes out swinging
Batting: RHB Arthur Dennis 0-0: Ball
1-0: Called Strike
1-1: Ball
2-1: Swinging Strike
2-2: Ball
Adam Brading is caught stealing 2nd base 2-4
Top of the 1st over - 0 runs, 1 hit, 0 errors, 0 left on base; Gwinnett 0 - Indianapolis 0
BOTTOM OF THE 1ST
Indianapolis Indians batting - Pitching for Gwinnett Braves : RHP David Hedblom
Pitching: RHP David Hedblom
Batting: LHB Travis Hicks 0-0: Ball
1-0: Called Strike
1-1: Ball
2-1: Called Strike
2-2: Fly out, F7 (Flyball, 78XD, EV 110.0 MPH)
Batting: RHB Andreas Frick 0-0: Called Strike
0-1: Swinging Strike
0-2: Strikes out swinging
Batting: RHB Kevin Wallace 0-0: Called Strike
0-1: Foul Ball, location: 5SF
0-2: Foul Ball, location: 23FF
0-2: Fly out, F9 (Flyball, 9S, EV 86.3 MPH)
Bottom of the 1st over - 0 runs, 0 hits, 0 errors, 0 left on base; Gwinnett 0 - Indianapolis 0
TOP OF THE 2ND
Gwinnett Braves batting - Pitching for Indianapolis Indians : LHP Chris Jordan
Batting: RHB Arthur Dennis 0-0: Ball
1-0: Foul Ball, location: 5F
1-1: Foul Ball, location: 3F
1-2: Foul Ball, location: 2F
1-2: Strikes out swinging
Batting: LHB Josh Burrowes 0-0: Ball
1-0: Called Strike
1-1: Called Strike
1-2: Strikes out looking
Batting: SHB Oscar Ramirez 0-0: Ball
1-0: Called Strike
1-1: Ball
2-1: Foul Ball, location: 23F
2-2: Ball
3-2: Base on Balls
Batting: RHB Joe Henkels 0-0: Ball
Oscar Ramirez is caught stealing 2nd base 2-4
Top of the 2nd over - 0 runs, 0 hits, 0 errors, 0 left on base; Gwinnett 0 - Indianapolis 0
BOTTOM OF THE 2ND
Indianapolis Indians batting - Pitching for Gwinnett Braves : RHP David Hedblom
Batting: RHB Mike Mellor 0-0: Ball
1-0: Ball
2-0: Called Strike
2-1: Called Strike
2-2: Ball
3-2: Strikes out looking
Batting: RHB Santos Vazquez 0-0: Foul Ball, location: 2F
0-1: Ball
1-1: Ball
2-1: Ball
3-1: Ground out 5-3 (Groundball, 56, EV 105.0 MPH)
Batting: RHB Jeremiah Coleman 0-0: Ball
1-0: Ball
2-0: Called Strike
2-1: Ball
3-1: Fly out, F3 (Popup, 3S, EV 73.1 MPH)
Bottom of the 2nd over - 0 runs, 0 hits, 0 errors, 0 left on base; Gwinnett 0 - Indianapolis 0
TOP OF THE 3RD
Gwinnett Braves batting - Pitching for Indianapolis Indians : LHP Chris Jordan
Batting: RHB Joe Henkels 0-0: Called Strike
0-1: Ground out 5-3 (Groundball, 56S, EV 73.1 MPH)
Batting: SHB Bobby Troutt 0-0: Ball
1-0: Foul Ball, location: 9LMF
1-1: Foul Ball, location: 2F
1-2: Strikes out swinging
Batting: LHB Ivan Denizard 0-0: Swinging Strike
0-1: Swinging Strike
0-2: Strikes out swinging
Top of the 3rd over - 0 runs, 0 hits, 0 errors, 0 left on base; Gwinnett 0 - Indianapolis 0
BOTTOM OF THE 3RD
Indianapolis Indians batting - Pitching for Gwinnett Braves : RHP David Hedblom
Batting: SHB Bob Peterson 0-0: Ball
1-0: Fly out, F3 (Line Drive, 34, EV 66.9 MPH)
Batting: RHB Matt Kamowski 0-0: Ball
1-0: Ball
2-0: Swinging Strike
2-1: SINGLE (Line Drive, 8LS, EV 105.0 MPH)
Batting: RHB Brett Dunlap 0-0: Grounds into double play, 5-4-3 (Groundball, 56, EV 88.1 MPH)
Bottom of the 3rd over - 0 runs, 1 hit, 0 errors, 0 left on base; Gwinnett 0 - Indianapolis 0
TOP OF THE 4TH
Gwinnett Braves batting - Pitching for Indianapolis Indians : LHP Chris Jordan
Batting: RHB Adam Brading 0-0: Called Strike
0-1: Called Strike
0-2: Foul Ball, location: 23FF
0-2: Foul Ball, location: 3SF
0-2: Ball
1-2: Ball
2-2: Ground out 6-3 (Groundball, 6M, EV 108.1 MPH)
Batting: LHB David Ploski 0-0: Ball
1-0: Called Strike
1-1: Foul Ball, location: 2F
1-2: Foul Ball, location: 2F
1-2: Ball
2-2: Ground out 4-3 (Groundball, 4, EV 78.1 MPH)
Batting: LHB Casey Faler 0-0: Ball
1-0: Called Strike
1-1: Ball
2-1: SINGLE (Groundball, 4S, EV 75.0 MPH) (infield hit)
Batting: RHB Arthur Dennis 0-0: Ball
1-0: Called Strike
1-1: Swinging Strike
1-2: Ball
2-2: Strikes out swinging
Top of the 4th over - 0 runs, 1 hit, 0 errors, 1 left on base; Gwinnett 0 - Indianapolis 0
BOTTOM OF THE 4TH
Indianapolis Indians batting - Pitching for Gwinnett Braves : RHP David Hedblom
Batting: LHB Travis Hicks 0-0: Foul Ball, location: 2F
0-1: Ball
1-1: Bunt - Flyout to 13! F1
Batting: RHB Andreas Frick 0-0: Called Strike
0-1: TRIPLE (Line Drive, 89XD, EV 101.3 MPH)
Batting: RHB Kevin Wallace 0-0: Fly out, F6 (Popup, 6D, EV 56.3 MPH)
Batting: RHB Mike Mellor 0-0: Called Strike
0-1: Fly out, F9 (Flyball, 9S, EV 87.5 MPH)
Bottom of the 4th over - 0 runs, 1 hit, 0 errors, 1 left on base; Gwinnett 0 - Indianapolis 0
TOP OF THE 5TH
Gwinnett Braves batting - Pitching for Indianapolis Indians : LHP Chris Jordan
Batting: LHB Josh Burrowes 0-0: Called Strike
0-1: Ball
1-1: SINGLE (Groundball, 6MD, EV 100.0 MPH)
Batting: SHB Oscar Ramirez 0-0: Ball
1-0: Reached on error, E4 (Groundball, 4, EV 85.0 MPH)
Josh Burrowes to second
Batting: RHB Joe Henkels 0-0: Called Strike
0-1: Ball
1-1: Fly out, F8 (Flyball, 8RM, EV 90.0 MPH)
Batting: SHB Bobby Troutt 0-0: Ball
1-0: Ball
2-0: Swinging Strike
2-1: Ball
3-1: Base on Balls
Josh Burrowes to third
Oscar Ramirez to second
Batting: LHB Ivan Denizard 0-0: Foul Ball, location: 2F
0-1: Ball
1-1: Ball
2-1: Called Strike
2-2: Strikes out swinging
Batting: RHB Adam Brading 0-0: Ball
1-0: Foul Ball, location: 5SF
1-1: Ball
2-1: Foul Ball, location: 7LSF
2-2: Ball
3-2: Foul Ball, location: 25F
3-2: Base on Balls
Josh Burrowes scores
Oscar Ramirez to third
Bobby Troutt to second
Pitching: RHP Jeff Leoni
Batting: LHB David Ploski 0-0: Ball
1-0: Ball
2-0: Ball
3-0: Called Strike
3-1: Base on Balls
Oscar Ramirez scores
Bobby Troutt to third
Adam Brading to second
Batting: LHB Casey Faler 0-0: Foul Ball, location: 2F
0-1: Reaches on Catchers interference
Bobby Troutt scores
Adam Brading to third
David Ploski to second
Batting: RHB Arthur Dennis 0-0: Called Strike
0-1: Ball
1-1: Foul Ball, location: 2F
1-2: Ball
2-2: DOUBLE (Line Drive, 89XD, EV 105.6 MPH)
Adam Brading scores
David Ploski scores
Casey Faler to third
Batting: LHB Josh Burrowes 0-0: Ball
1-0: Ball
2-0: Fly out, F9 (Flyball, 9, EV 90.0 MPH)
Top of the 5th over - 5 runs, 2 hits, 2 errors, 2 left on base; Gwinnett 5 - Indianapolis 0
BOTTOM OF THE 5TH
Indianapolis Indians batting - Pitching for Gwinnett Braves : RHP David Hedblom
Batting: RHB Santos Vazquez 0-0: Called Strike
0-1: Foul Ball, location: 9LDF
0-2: SOLO HOME RUN (Flyball, 7LD, EV 93.1 MPH), Distance : 329 ft
Batting: RHB Jeremiah Coleman 0-0: Ground out 4-3 (Groundball, 34, EV 88.1 MPH)
Batting: SHB Bob Peterson 0-0: Called Strike
0-1: Foul Ball, location: 5F
0-2: Ground out 6-3 (Groundball, 6S, EV 84.4 MPH)
Batting: RHB Matt Kamowski 0-0: Swinging Strike
0-1: Swinging Strike
0-2: Ball
1-2: Fly out, F9 (Flyball, 9LS, EV 72.5 MPH)
Bottom of the 5th over - 1 run, 1 hit, 0 errors, 0 left on base; Gwinnett 5 - Indianapolis 1
TOP OF THE 6TH
Gwinnett Braves batting - Pitching for Indianapolis Indians : RHP Jeff Leoni
Batting: SHB Oscar Ramirez 0-0: Ball
1-0: Ball
2-0: SINGLE (Groundball, 34D, EV 106.9 MPH)
Batting: RHB Joe Henkels 0-0: Foul Ball, location: 2F
0-1: SINGLE (Line Drive, 9LM, EV 101.9 MPH)
Oscar Ramirez to second
Batting: SHB Bobby Troutt 0-0: Fly out, F8 (Flyball, 8LM, EV 85.0 MPH)
Batting: LHB Ivan Denizard 0-0: Ball
1-0: Foul Ball, location: 2F
1-1: Foul Ball, location: 25F
1-2: Grounds into double play, 4-6-3 (Groundball, 4, EV 87.5 MPH)
Top of the 6th over - 0 runs, 2 hits, 0 errors, 1 left on base; Gwinnett 5 - Indianapolis 1
BOTTOM OF THE 6TH
Indianapolis Indians batting - Pitching for Gwinnett Braves : RHP David Hedblom
Batting: RHB Brett Dunlap 0-0: SINGLE (Groundball, 34D, EV 108.1 MPH)
Batting: LHB Travis Hicks 0-0: Foul Ball, location: 7LMF
0-1: Foul Ball, location: 7LDF
0-2: Ball
1-2: Fly out, F8 (Flyball, 8LD, EV 111.3 MPH)
Batting: RHB Andreas Frick 0-0: Ball
1-0: Swinging Strike
1-1: Ball
2-1: Foul Ball, location: 25F
2-2: Foul Ball, location: 9LSF
2-2: Foul Ball, location: 9LSF
2-2: Strikes out swinging
Batting: RHB Kevin Wallace 0-0: Ball
1-0: Foul Ball, location: 2F
1-1: Ball
2-1: Called Strike
2-2: Strikes out swinging
Bottom of the 6th over - 0 runs, 1 hit, 0 errors, 1 left on base; Gwinnett 5 - Indianapolis 1
TOP OF THE 7TH
Gwinnett Braves batting - Pitching for Indianapolis Indians : RHP Jeff Leoni
Batting: RHB Adam Brading 0-0: Ball
1-0: Ground out 4-3 (Groundball, 4, EV 102.5 MPH)
Batting: LHB David Ploski 0-0: Ball
1-0: Called Strike
1-1: Ball
2-1: Fly out, F8 (Flyball, 8LM, EV 96.3 MPH)
Batting: LHB Casey Faler 0-0: Ball
1-0: Ball
2-0: Ball
3-0: Base on Balls
Pitching: RHP Ryan Marinis
Batting: RHB Arthur Dennis 0-0: Ball
1-0: Called Strike
1-1: Ball
2-1: Foul Ball, location: 9LMF
2-2: Ball
3-2: Strikes out swinging
Top of the 7th over - 0 runs, 0 hits, 0 errors, 1 left on base; Gwinnett 5 - Indianapolis 1
BOTTOM OF THE 7TH
Indianapolis Indians batting - Pitching for Gwinnett Braves : RHP David Hedblom
Batting: RHB Mike Mellor 0-0: Ball
1-0: Fly out, F4 (Popup, 4D, EV 70.0 MPH)
Batting: RHB Santos Vazquez 0-0: Ball
1-0: Swinging Strike
1-1: Fly out, F2 (Popup, 15S, EV 91.3 MPH)
Batting: RHB Jeremiah Coleman 0-0: Swinging Strike
0-1: Ball
1-1: Ball
2-1: Swinging Strike
2-2: Foul Ball, location: 2F
2-2: Ball
3-2: Strikes out swinging
Bottom of the 7th over - 0 runs, 0 hits, 0 errors, 0 left on base; Gwinnett 5 - Indianapolis 1
TOP OF THE 8TH
Gwinnett Braves batting - Pitching for Indianapolis Indians : RHP Ryan Marinis
Batting: LHB Josh Burrowes 0-0: Ball
1-0: Ball
2-0: Swinging Strike
2-1: Foul Ball, location: 2F
2-2: Strikes out swinging
Batting: SHB Oscar Ramirez 0-0: Ball
1-0: Foul Ball, location: 23F
1-1: Swinging Strike
1-2: Ball
2-2: Fly out, F8 (Flyball, 78M, EV 98.8 MPH)
Batting: RHB Joe Henkels 0-0: Hit by Pitch
Batting: SHB Bobby Troutt 0-0: Called Strike
0-1: Called Strike
0-2: Ball
1-2: Foul Ball, location: 3F
1-2: Strikes out looking
Top of the 8th over - 0 runs, 0 hits, 0 errors, 1 left on base; Gwinnett 5 - Indianapolis 1
BOTTOM OF THE 8TH
Indianapolis Indians batting - Pitching for Gwinnett Braves : RHP David Hedblom
Batting: SHB Bob Peterson 0-0: Ball
1-0: Ground out U3 (Groundball, 3, EV 109.4 MPH)
Pinch Hitting: LHB Joe Williams 0-0: Ball
1-0: Called Strike
1-1: Ball
2-1: Foul Ball, location: 7LSF
2-2: Strikes out looking
Batting: RHB Brett Dunlap 0-0: Foul Ball, location: 2F
0-1: Ball
1-1: Ground out 6-3 (Groundball, 6, EV 105.6 MPH)
Bottom of the 8th over - 0 runs, 0 hits, 0 errors, 0 left on base; Gwinnett 5 - Indianapolis 1
TOP OF THE 9TH
Gwinnett Braves batting - Pitching for Indianapolis Indians : RHP Ryan Marinis
Now in LF: Collin Toth
Batting: LHB Ivan Denizard 0-0: Ball
1-0: Ball
2-0: Fly out, F8 (Flyball, 8LD, EV 101.9 MPH)
Batting: RHB Adam Brading 0-0: Ball
1-0: Ball
2-0: Called Strike
2-1: Ball
3-1: Called Strike
3-2: Fly out, F4 (Line Drive, 4, EV 72.5 MPH)
Batting: LHB David Ploski 0-0: Ball
1-0: Ball
2-0: Called Strike
2-1: Ball
3-1: DOUBLE (Flyball, 78XD, EV 106.3 MPH)
Batting: LHB Casey Faler 0-0: Ball
1-0: Ball
2-0: Ball
3-0: Base on Balls
Batting: RHB Arthur Dennis 0-0: Ball
1-0: Foul Ball, location: 9LSF
1-1: Foul Ball, location: 23FF
1-2: Ball
2-2: Fly out, F8 (Flyball, 8RD, EV 103.8 MPH)
Top of the 9th over - 0 runs, 1 hit, 0 errors, 2 left on base; Gwinnett 5 - Indianapolis 1
BOTTOM OF THE 9TH
Indianapolis Indians batting - Pitching for Gwinnett Braves : RHP David Hedblom
Batting: LHB Travis Hicks 0-0: Ball
1-0: Called Strike
1-1: Ball
2-1: Ball
3-1: Foul Ball, location: 5FF
3-2: Foul Ball, location: 5F
3-2: Fly out, F8 (Flyball, 78M, EV 81.3 MPH)
Batting: RHB Andreas Frick 0-0: Ball
1-0: Ball
2-0: Ball
3-0: Called Strike
3-1: Swinging Strike
3-2: Foul Ball, location: 9LDF
3-2: Base on Balls
Batting: RHB Kevin Wallace 0-0: Ball
1-0: DOUBLE (Line Drive, 9LS, EV 96.9 MPH)
Andreas Frick to third
Batting: RHB Mike Mellor 0-0: Called Strike
0-1: Ball
1-1: Fly out, F6 (Popup, 15, EV 78.1 MPH)
Batting: RHB Santos Vazquez 0-0: Ball
1-0: Foul Ball, location: 2F
1-1: Foul Ball, location: 9LMF
1-2: Foul Ball, location: 3SF
1-2: Foul Ball, location: 25F
1-2: Fly out, F9 (Flyball, 89S, EV 76.3 MPH)
Bottom of the 9th over - 0 runs, 1 hit, 0 errors, 2 left on base; Gwinnett 5 - Indianapolis 1
Monday, May 6th , 2024 - OOTP Baseball 24.11 Build 85